Unix NetHack Version 5.0.0-0 post-release - last build May 23 2026 06:08:33 (1c0ff79ee797540d5714e4e18072db0edd9e58ae,branch:main).

Game began 2026-05-29 22:04:01, ended 2026-05-29 22:18:08.

Enkindle23, neutral male human Tourist

                                       ---
                                       |<..
                                       |...
                              ----     |...
                              |..---- --..-
                              |.....--|...
                              |...)f.|--...
                              --..@.-----..
                               --G`........
                                -.--------

Enkindle23 the Sightseer    St:11 Dx:10 Co:11 In:16 Wi:12 Ch:15  Neutral
Dlvl:6  $:1076 HP:0(23) Pw:14(14) AC:9  Xp:3 T:1125  Burdened

Latest messages:
 The kitten picks up a curved sword.
 The kitten drops a curved sword.
 The kitten picks up a curved sword.
 You descend the stairs.
 The kitten drops a curved sword.
 The kitten picks up a curved sword.
 You descend the stairs.
 Welcome to experience level 3.
 The kitten drops a curved sword.
 You see here a curved sword.
 H - a curved sword.
 You hear some noises.
 The kitten bites it.
 It hits the kitten.
 The kitten misses the gnome lord.
 You hear crashing rock.
 The carafe crashes on your head and breaks into shards.
 The black potion evaporates.
 You feel rather tired.
 You can move again.
 The gnome hits!
 What do you want to drink? [fmpr or ?*] ?
 You feel much better.
 You kill the gnome!
 A bear trap closes on your foot!
 Your movements are slowed slightly because of your load.
 You are caught in a bear trap.
 You hear crashing rock.
 You are caught in a bear trap.
 You are caught in a bear trap.
 You are hit by a dagger.
 You are caught in a bear trap.
 You are caught in a bear trap.
 You finally wriggle free.
 You hit the gnome lord.
 The gnome lord thrusts one of his daggers.
 The gnome lord hits!
 You hit the gnome lord.
 The kitten picks up a dagger.
 The gnome lord thrusts one of his daggers.
 The gnome lord hits!
 The kitten drops a dagger.
 The gnome lord thrusts one of his daggers.
 The gnome lord hits!
 You die...
 Do you want your possessions identified? [ynq] (y) y
 Do you want to see your attributes? [ynq] (y) y
 Do you want an account of creatures vanquished? [ynaq] (y) y
 Do you want to see your conduct and achievements? [ynq] (y) y
 Do you want to see the dungeon overview? [ynq] (y) y

Inventory:
 Coins    ('$')
  $ - 1076 gold pieces
 Amulets  ('"')
  w - an uncursed amulet versus poison
 Weapons  (')')
  a - 33 +2 darts (at the ready)
  H - a +0 scimitar
 Armor    ('[')
  I - an uncursed +0 orcish helm (being worn)
  i - an uncursed +0 Hawaiian shirt with a sailboat motif (being worn)
 Comestibles  ('%')
  e - 3 uncursed slime molds
  u - an uncursed apple
  c - 8 uncursed food rations
  d - 3 uncursed tripe rations
  b - 2 uncursed tins of deep fried jackal meat
  o - an uncursed lichen corpse
 Scrolls  ('?')
  g - a blessed scroll of magic mapping
  h - 3 uncursed scrolls of magic mapping
 Potions  ('!')
  p - an uncursed potion of gain energy
  r - 2 uncursed potions of healing
  m - an uncursed potion of paralysis
 Rings    ('=')
  v - an uncursed ring of protection from shape changers
 Wands    ('/')
  n - a wand of sleep (0:4)
 Tools    ('(')
  k - an uncursed credit card
  j - an expensive camera (0:92)
  x - an uncursed oil lamp
 Gems/Stones  ('*')
  t - 2 uncursed agate stones
  z - an uncursed jet stone

Enkindle23 the Tourist's attributes:

Background:
 You were a Sightseer, a level 3 male human Tourist.
 You were neutral, nominally on a mission for The Lady
 who was opposed by Blind Io (lawful) and Offler (chaotic).
 You were right-handed.
 You were in the Gnomish Mines, on level 6.
 You entered the dungeon 1125 turns ago.
 It was nighttime.
 You had 50 experience points, 30 more were needed to attain level 4.

Basics:
 You had 0 out of 23 hit points.
 You had all 14 energy points (spell power).
 Your armor class was 9.
 Your wallet contained 1076 zorkmids.
 Autopickup was off.

Final Characteristics:
 Your strength was 11 (limit:18/100).
 Your dexterity was 10 (base:11, limit:18).
 Your constitution was 11 (limit:18).
 Your intelligence was 16 (limit:18).
 Your wisdom was 12 (limit:18).
 Your charisma was 15 (limit:18).

Final Status:
 You had a wounded right leg.
 You weren't hungry.
 You were burdened; movement was slightly slowed.
 You were bare handed.
 You were unskilled in bare handed combat.

Final Attributes:
 You were stridently aligned.
 You are dead.

Miscellaneous:
 You didn't encounter any bones levels.
 Total elapsed playing time was 14 minutes and 5 seconds.

Major events:
 Turn
    1: Enkindle23 the neutral male human Tourist entered the dungeon
 1075: entered the Gnomish Mines
 1084: attained the rank of Sightseer (level 3)
 1125: killed by a gnome lord

You didn't know any spells.

Skills:
 Fighting Skills
   bare handed combat [Unskilled]
   two weapon combat  [Unskilled]
   riding             [Unskilled]
 Weapon Skills
   dagger             [Unskilled]
   knife              [Unskilled]
   axe                [Unskilled]
   pick-axe           [Unskilled]
   short sword        [Unskilled]
   broadsword         [Unskilled]
   long sword         [Unskilled]
   two-handed sword   [Unskilled]
   saber              [Unskilled]
   mace               [Unskilled]
   morning star       [Unskilled]
   flail              [Unskilled]
   hammer             [Unskilled]
   quarterstaff       [Unskilled]
   polearms           [Unskilled]
   spear              [Unskilled]
   trident            [Unskilled]
   lance              [Unskilled]
   bow                [Unskilled]
   sling              [Unskilled]
   crossbow           [Unskilled]
   dart               [Basic]
   shuriken           [Unskilled]
   boomerang          [Unskilled]
   whip               [Unskilled]
   unicorn horn       [Unskilled]
 Spellcasting Skills
   divination spells  [Unskilled]
   enchantment spells [Unskilled]
   escape spells      [Unskilled]

Voluntary challenges:
 Character rerolling was not enabled.
 You were an atheist.
 You never hit with a wielded weapon.
 You were illiterate.
 You never genocided any monsters.
 You never polymorphed an object.
 You never changed form.
 You used no wishes.
Achievements:
 You entered a shop.
 You entered the Gnomish Mines.
 You attained the rank of Sightseer.

 The Dungeons of Doom: levels 1 to 6
    Level 1:
    Level 2:
    Level 3:
    Level 4:
       A general store, a fountain, a sink.
       Stairs down to The Gnomish Mines.
    Level 5:
       A sink.
    Level 6:
 The Gnomish Mines: levels 5 to 6
    Level 5:
    Level 6: <- You were here.
       Final resting place for
          you, killed by a gnome lord.


Vanquished creatures:
  a gnome leader
  a kobold leader
  a giant bat
  a hobgoblin
  a gnome
  2 geckos
  a jackal
  a fox
  a kobold
  3 grid bugs
  2 lichens
  2 newts
17 creatures vanquished.

No species were genocided or became extinct.

Game over:
                       ----------
                      /          \
                     /    REST    \
                    /      IN      \
                   /     PEACE      \
                  /                  \
                  |    Enkindle23    |
                  |     1076 Au      |
                  |   killed by a    |
                  |    gnome lord    |
                  |                  |
                  |                  |
                  |       2026       |
                 *|     *  *  *      | *
        _________)/\\_//(\/(/\)/\//\/|_)_______

Aloha Enkindle23 the Tourist...

You died in The Gnomish Mines on dungeon level 6 with 699 points,
and 1076 pieces of gold, after 1125 moves.
You were level 3 with a maximum of 23 hit points when you died.

